[Event "Team 45 45 League T48"]
[Site "Internet Chess Club"]
[Date "2011.03.22"]
[Round "6"]
[White "kingsrook"]
[Black "Cicero"]
[Result "1/2-1/2"]
[WhiteElo "1285"]
[BlackElo "1367"]
[Opening "King's Indian: East Indian defense"]
[ECO "A48"]
[Time "14:02:55"]
[TimeControl "2700+45"]

1. d4 Nf6 2. Nf3 g6 3. Nbd2 d5 4. e3 Bg7 5. Bd3 c5 6. c3 Nc6 7. O-O Qc7 8. e4
dxe4 9. Nxe4 O-O 10. Nxc5 Bg4 11. Re1 e5 12. h3 Bxf3 13. Qxf3 Rfe8 14. Bg5 Nd7
15. Nxd7 Qxd7 16. d5 Ne7 17. Bc4 Nf5 18. g4 Nd6 19. Bd3 Rf8 20. Bf6 Rae8 {Game
drawn by mutual agreement} 1/2-1/2

[Event "Team 45 45 League T48"]
[Site "Internet Chess Club"]
[Date "2011.03.18"]
[Round "6"]
[White "lawth3"]
[Black "Tyndale"]
[Result "1-0"]
[WhiteElo "1242"]
[BlackElo "1023"]
[Opening "King's Indian: 6.Be2"]
[ECO "E91"]
[Time "19:34:51"]
[TimeControl "2700+45"]

1. d4 Nf6 2. c4 d6 3. Nc3 g6 4. e4 Bg7 5. Nf3 O-O 6. Be2 Ng4 7. O-O e5 8. d5 c5
9. dxc6 bxc6 10. h3 Nf6 11. Qc2 c5 12. Bg5 h6 13. Be3 a6 14. Rad1 Qb6 15. Na4
Qc6 16. Nc3 Be6 17. Qc1 Nxe4 18. Nxe4 Qxe4 19. Bd3 Qc6 20. Bxh6 Bxh3 21. Bxg7
Kxg7 22. Rfe1 Nd7 23. Be4 d5 24. Bxd5 Qf6 25. Bxa8 Rxa8 26. gxh3 Qxf3 27. Rxd7
Rh8 28. Qe3 Qc6 29. Qxe5+ Kf8 30. Qxh8# {Black checkmated} 1-0

[Event "Team 45 45 League T48"]
[Site "Internet Chess Club"]
[Date "2011.03.24"]
[Round "6"]
[White "kjs110"]
[Black "Graybeard"]
[Result "0-1"]
[WhiteElo "1072"]
[BlackElo "1099"]
[Opening "Sicilian: Hungarian variation"]
[ECO "B27"]
[Time "21:00:49"]
[TimeControl "2700+45"]

1. e4 c5 2. Nf3 g6 3. Bc4 e6 4. O-O Nc6 5. d3 Bg7 6. Nc3 Nf6 7. Nb5 d5 8. exd5
exd5 9. Qe2+ Be6 10. Bb3 O-O 11. Bg5 a6 12. Nc3 Re8 13. Be3 d4 14. Bd2 Bxb3 15.
cxb3 Rxe2 16. Nxe2 Qd7 17. h3 Re8 18. Nf4 Bh6 19. Rac1 Bxf4 20. Bxf4 b6 21. Bh6
Nb4 22. a3 Nxd3 23. Rcd1 Ne5 24. Nxe5 Rxe5 25. f4 Rf5 26. g4 Ne4 27. gxf5 Qxf5
28. Rf3 Qh5 29. Bg5 Qxf3 30. Rf1 Qxh3 31. Be7 Qg4+ 32. Kh1 Ng3+ 33. Kg1 Nxf1+
34. Kxf1 Qxf4+ 35. Ke2 Qe3+ 36. Kd1 Qxe7 37. Kd2 Qe3+ 38. Kd1 Qxb3+ {White
resigns} 0-1

[Event "Team 45 45 League T48"]
[Site "Internet Chess Club"]
[Date "2011.03.20"]
[Round "6"]
[White "baseball613"]
[Black "MeansToAnEnd"]
[Result "1-0"]
[WhiteElo "1393"]
[BlackElo "1180"]
[Opening "Queen's pawn game, Chigorin variation"]
[ECO "D02"]
[Time "21:07:29"]
[TimeControl "2700+45"]

1. d4 d5 2. Nf3 Nc6 3. Bf4 Bf5 4. e3 e6 5. c4 Nf6 6. Nc3 Bb4 7. Qb3 O-O 8. a3
Bxc3+ 9. bxc3 Na5 10. Qb4 b6 11. h3 Be4 12. Be2 Bxf3 13. Bxf3 Nxc4 14. Rb1
{Black forfeits on time} 1-0

[Event "Team 45 45 League T48"]
[Site "Internet Chess Club"]
[Date "2011.03.20"]
[Round "6"]
[White "sere"]
[Black "wildcat2023"]
[Result "1/2-1/2"]
[WhiteElo "1246"]
[BlackElo "1205"]
[Opening "QGD: 4.Bg5"]
[ECO "D50"]
[Time "10:03:40"]
[TimeControl "2700+45"]

1. d4 d5 2. c4 e6 3. Nc3 Nf6 4. Bg5 h6 5. Bh4 Be7 6. cxd5 exd5 7. e3 Nc6 8. Bb5
a6 9. Ba4 b5 10. Bb3 O-O 11. Qd3 Nb4 12. Qd2 Bf5 13. Bxf6 Bxf6 14. a3 Nc6 15.
Bxd5 Qd6 16. e4 Rfe8 17. Nge2 Bg4 18. O-O Bg5 19. Qd3 Rad8 20. h3 Bxe2 21. Nxe2
Ne7 22. Bb3 Ng6 23. Qf3 Rd7 24. e5 Qb6 25. a4 Ree7 26. Qa8+ Kh7 27. Qe4 Kg8 28.
Qa8+ Kh7 29. Qe4 Kg8 30. Qa8+ Kh7 {Game drawn by repetition} 1/2-1/2

[Event "Team 45 45 League T48"]
[Site "Internet Chess Club"]
[Date "2011.03.19"]
[Round "6"]
[White "heartbreakkid"]
[Black "Packerfan"]
[Result "1-0"]
[WhiteElo "1751"]
[BlackElo "1737"]
[Opening "Budapest: Fajarowicz variation"]
[ECO "A51"]
[Time "10:00:49"]
[TimeControl "2700+45"]

1. d4 Nf6 2. c4 e5 3. dxe5 Ne4 4. Nc3 Nxc3 5. bxc3 Nc6 6. Nf3 Bc5 7. Rb1 O-O 8.
Qd3 h6 9. Bf4 Re8 10. Rd1 b6 11. e3 Re7 12. Be2 Ba6 13. O-O Na5 14. Nd2 d5 15.
exd6 cxd6 16. Bf3 Rc8 17. h3 Ba3 18. Bd5 Rec7 19. Qg6 Nxc4 20. Bxh6 Qf8 21. Nxc4
Bxc4 22. Bxc4 Rxc4 23. Qg3 Rxc3 24. Bf4 Rd8 25. Rd2 Rc7 26. Rfd1 Rcd7 27. Rd3
Bc5 28. Qg5 f6 29. Qg4 d5 30. R3d2 d4 31. Qf5 Qf7 32. a4 dxe3 33. Rxd7 exf2+ 34.
Kf1 Rxd7 35. Rxd7 Qc4+ 36. Rd3 Qxa4 37. Qd5+ Kh7 38. Qh5+ Kg8 39. Rd8+ Bf8 40.
Qd5+ Kh7 41. Qd3+ Kg8 42. Bd6 Qa1+ 43. Kxf2 Qb2+ 44. Kf3 g5 45. Qg6+ {Black
resigns} 1-0

[Event "Team 45 45 League T48"]
[Site "Internet Chess Club"]
[Date "2011.03.17"]
[Round "6"]
[White "montgomerydvd"]
[Black "Buford-Julep"]
[Result "1/2-1/2"]
[WhiteElo "1608"]
[BlackElo "1633"]
[Opening "Four knights: Italian variation"]
[ECO "C47"]
[Time "09:00:26"]
[TimeControl "2700+45"]

1. e4 e5 2. Nf3 Nc6 3. Nc3 Nf6 4. Bc4 Nxe4 5. Nxe4 d5 6. Bxd5 Qxd5 7. d3 Bg4 8.
c4 Bb4+ 9. Nc3 Qd7 10. O-O Nd4 11. Re1 f6 12. Be3 Qf5 13. Bxd4 O-O-O 14. Nd5
Rxd5 15. cxd5 Bxe1 16. Bxa7 Bxf3 17. gxf3 Bb4 18. Rc1 h5 19. Qc2 Bd6 20. Bb6 Qd7
21. Bc5 Rd8 22. Bxd6 Qxd6 23. Qc5 Kb8 24. Rc3 Qxc5 25. Rxc5 b6 26. Rb5 Kb7 27.
a4 Ka6 28. b4 Rd6 29. Kf1 c6 30. dxc6 Rxc6 31. Ke2 Rc2+ 32. Ke3 Ra2 33. Rd5 Rxa4
34. b5+ Ka5 35. Rd7 Kxb5 36. Rxg7 Rh4 37. Rf7 Rf4 38. d4 Rxd4 39. Rxf6 Kc5 40.
Rf5 Kc4 41. Rxh5 Rd5 42. Rh8 b5 43. h4 b4 44. h5 b3 45. h6 b2 46. Rb8 Rb5 47.
Rxb5 Kxb5 48. h7 b1=Q 49. h8=Q Qc1+ 50. Ke2 Qc4+ 51. Ke1 Qc1+ 52. Ke2 Qc4+ 53.
Ke3 Qd4+ 54. Ke2 Qc4+ 55. Kd2 Qd4+ 56. Ke2 Qc4+ {Game drawn by repetition}
1/2-1/2

[Event "Team 45 45 League T48"]
[Site "Internet Chess Club"]
[Date "2011.03.18"]
[Round "6"]
[White "mongmong"]
[Black "singleaction45"]
[Result "1-0"]
[WhiteElo "1634"]
[BlackElo "1377"]
[Opening "Queen's pawn: Yusupov-Rubinstein system"]
[ECO "A46"]
[Time "23:16:26"]
[TimeControl "2700+45"]

1. d4 Nf6 2. Nf3 e6 3. e3 Be7 4. Bd3 b6 5. Nbd2 Bb7 6. O-O d5 7. Qe2 Qc8 8. e4
Ba6 9. Bxa6 Qxa6 10. Qxa6 Nxa6 11. e5 Nd7 12. c3 f6 13. exf6 Bxf6 14. Nb3 c5 15.
Re1 Ke7 16. Bf4 c4 17. Nbd2 Raf8 18. Ne5 Bxe5 19. Bxe5 Nxe5 20. Rxe5 Rf7 21.
Rae1 Nc7 22. Nf3 h6 23. Nh4 Rf6 24. Nf5+ Kf7 25. Ng3 g6 26. Ne2 Ne8 27. g3 Ng7
28. f4 h5 29. Kg2 Nf5 30. b3 b5 31. bxc4 bxc4 32. Rb1 Re8 33. h3 Kg7 34. g4 Ne7
35. g5 Rf5 36. Rxe6 Kf7 37. Re5 a5 38. Rb5 Kg7 39. Rxa5 Kf7 40. Ra7 Rxe5 41.
fxe5 Kf8 42. Nf4 Kg8 43. Rb7 Rf8 44. Nxh5 Nf5 45. Nf6+ Kh8 46. Rh7# {Black
checkmated} 1-0

[Event "Team 45 45 League T48"]
[Site "Internet Chess Club"]
[Date "2011.03.20"]
[Round "6"]
[White "Ivio"]
[Black "tourettes"]
[Result "1-0"]
[WhiteElo "1813"]
[BlackElo "1485"]
[Opening "Nimzo-Indian: Sämisch variation"]
[ECO "E24"]
[Time "14:18:50"]
[TimeControl "2700+45"]

1. d4 Nf6 2. c4 e6 3. Nc3 Bb4 4. a3 Bxc3+ 5. bxc3 c5 6. Qc2 b6 7. e4 d6 8. Nf3
Nc6 9. Bg5 e5 10. d5 Na5 11. h3 h6 12. Bh4 O-O 13. Bd3 Kh8 14. Rb1 g5 15. Bg3
Ba6 16. Qe2 Nh5 17. h4 Nf4 18. Bxf4 gxf4 19. Nd2 Qf6 20. g3 fxg3 21. fxg3 Qg6
22. g4 f6 23. Qg2 Rg8 24. g5 fxg5 25. hxg5 Qxg5 26. Qxg5 Rxg5 27. Rxh6+ Kg7 28.
Rxd6 Rf8 29. Kd1 Rf2 30. Rd7+ Kg6 31. Rxa7 Bxc4 32. Rxb6+ Kh5 33. Rh7+ Kg4 34.
Nxc4 Nxc4 35. Bxc4 Kf4 36. Rf6+ Ke3 37. Rh3+ Kxe4 38. Rxf2 {Black resigns} 1-0

[Event "Team 45 45 League T48"]
[Site "Internet Chess Club"]
[Date "2011.03.19"]
[Round "6"]
[White "Monsieur"]
[Black "Salvatore"]
[Result "1/2-1/2"]
[WhiteElo "1548"]
[BlackElo "1608"]
[Opening "Richter-Veresov attack"]
[ECO "D01"]
[Time "21:00:05"]
[TimeControl "2700+45"]

1. d4 Nf6 2. Nc3 d5 3. Bg5 Nbd7 4. Nf3 e6 5. e4 h6 6. Bxf6 Nxf6 7. e5 Nd7 8. Bd3
Bb4 9. O-O a6 10. Ne2 c5 11. c3 Ba5 12. a3 c4 13. Bc2 O-O 14. b3 b5 15. a4 b4
16. bxc4 bxc3 17. cxd5 exd5 18. Qd3 f5 19. exf6 Nxf6 20. Nxc3 Be6 21. Rfe1 Qc8
22. Rxe6 Qxe6 23. Re1 Qc8 24. Re7 Bxc3 25. Rxg7+ Kxg7 26. Qg6+ Kh8 27. Qxh6+ Kg8
28. Qg6+ Kh8 29. Qh6+ {Game drawn by mutual agreement} 1/2-1/2

[Event "Team 45 45 League T48"]
[Site "Internet Chess Club"]
[Date "2011.03.20"]
[Round "6"]
[White "Berke"]
[Black "BotanicalKnight"]
[Result "1/2-1/2"]
[WhiteElo "1575"]
[BlackElo "1587"]
[Opening "Caro-Kann: advance variation"]
[ECO "B12"]
[Time "06:01:22"]
[TimeControl "2700+45"]

1. e4 c6 2. d4 d5 3. e5 Bf5 4. Nf3 e6 5. Be2 Qb6 6. O-O Nd7 7. c4 dxc4 8. Bxc4
Ne7 9. Qe2 Nd5 10. Nc3 Be7 11. Bd3 Bg4 12. Be3 Bh5 13. Be4 Bg6 14. Bg5 Bxg5 15.
Bxg6 hxg6 16. Nxd5 cxd5 17. Nxg5 Ke7 18. Qe3 Rac8 19. Rac1 Rc6 20. Qa3+ Ke8 21.
Qf3 Rf8 22. Rxc6 bxc6 {Game drawn by mutual agreement} 1/2-1/2

[Event "Team 45 45 League T48"]
[Site "Internet Chess Club"]
[Date "2011.03.22"]
[Round "6"]
[White "vollmerj"]
[Black "krysto"]
[Result "1-0"]
[WhiteElo "1677"]
[BlackElo "1498"]
[Opening "French: Tarrasch, closed variation, main line"]
[ECO "C06"]
[Time "20:04:11"]
[TimeControl "2700+45"]

1. e4 e6 2. d4 d5 3. Nd2 Nf6 4. e5 Nfd7 5. c3 c5 6. Bd3 Nc6 7. Ne2 cxd4 8. cxd4
Qb6 9. Nf3 Bb4+ 10. Bd2 O-O 11. O-O f6 12. exf6 Nxf6 13. Qc2 Bxd2 14. Qxd2 Bd7
15. Rfc1 Rae8 16. Rc2 e5 17. dxe5 Nxe5 18. Nxe5 Rxe5 19. Ng3 Rfe8 20. Rac1 Qe6
21. b3 Re1+ 22. Rxe1 Qxe1+ 23. Nf1 Qxd2 24. Nxd2 Re1+ 25. Nf1 Bc6 26. f3 h6 27.
Kf2 Re7 28. Ng3 Rf7 29. h3 Ne4+ 30. Nxe4 dxe4 31. Bc4 exf3 32. Bxf7+ Kxf7 33.
gxf3 a6 34. Kg3 Kf6 35. Rd2 g6 36. Rd6+ Kf7 37. f4 Kg7 38. h4 h5 39. Kf2 Kf7 40.
Ke3 Kg7 41. Kd4 Kf7 42. b4 Kg7 43. Ke5 Kf7 44. a3 Kg7 45. Ke6 Bf3 46. Rd7+ Kh6
47. Kf6 {Black resigns} 1-0

[Event "Team 45 45 League T48"]
[Site "Internet Chess Club"]
[Date "2011.03.19"]
[Round "6"]
[White "BrianWood"]
[Black "medsurg"]
[Result "1-0"]
[WhiteElo "1437"]
[BlackElo "1319"]
[Opening "QGD semi-Slav: 5.e3"]
[ECO "D45"]
[Time "21:00:20"]
[TimeControl "2700+45"]

1. d4 d5 2. c4 e6 3. Nc3 c6 4. Nf3 Nf6 5. e3 Bd6 6. c5 Bc7 7. Bd3 O-O 8. O-O b6
9. cxb6 axb6 10. Ne5 Bb7 11. f4 c5 12. dxc5 bxc5 13. Nb5 Ne4 14. Bxe4 Bxe5 15.
fxe5 Ba6 16. Bd3 c4 17. Bxh7+ Kxh7 18. Qh5+ Kg8 19. Nd6 f5 20. Rf3 Qe8 {Black
resigns} 1-0

[Event "Team 45 45 League T48"]
[Site "Internet Chess Club"]
[Date "2011.03.20"]
[Round "6"]
[White "dabodhi"]
[Black "Knight2night"]
[Result "0-1"]
[WhiteElo "1199"]
[BlackElo "1285"]
[Opening "Sicilian: Grand Prix attack"]
[ECO "B23"]
[Time "15:00:16"]
[TimeControl "2700+45"]

1. e4 c5 2. Nc3 Nc6 3. f4 d6 4. Nf3 g6 5. Bb5 Bg7 6. O-O Nh6 7. h3 O-O 8. Bxc6
bxc6 9. d4 cxd4 10. Nxd4 Qb6 11. Be3 Ba6 12. Rf3 Qxb2 13. Na4 Qb7 14. Rb1 Qd7
15. Qd2 c5 16. Qa5 cxd4 17. Qxa6 dxe3 18. Rxe3 Bd4 19. Kf2 Rfc8 20. Rb7 Rxc2+
21. Kf3 Qc8 22. Reb3 Rf2+ 23. Kg3 Rxg2+ 24. Kxg2 Qc2+ 25. Kh1 Qd1+ 26. Kg2 Qg1+
27. Kf3 Qf2# {White checkmated} 0-1

[Event "Team 45 45 League T48"]
[Site "Internet Chess Club"]
[Date "2011.03.20"]
[Round "6"]
[White "sockmonkey"]
[Black "carolinaknight"]
[Result "0-1"]
[WhiteElo "1065"]
[BlackElo "1264"]
[Opening "Queen's pawn"]
[ECO "A40"]
[Time "14:00:25"]
[TimeControl "2700+45"]

1. d4 e6 2. Nf3 c5 3. c3 Nf6 4. Bg5 Be7 5. e3 b6 6. Nbd2 Bb7 7. Bd3 Nc6 8. Qe2
O-O 9. O-O h6 10. Bxf6 Bxf6 11. Ne4 cxd4 12. exd4 Be7 13. Rfe1 Qc8 14. b4 a6 15.
a4 f5 16. Ned2 Nd8 17. Ne5 Rf6 18. Ndc4 Qc7 19. Nxd7 Qxd7 20. Nxb6 Qc7 21. Nxa8
Bxa8 22. Rec1 Rg6 23. f3 Bd6 24. g3 Bxg3 25. hxg3 Rxg3+ 26. Kf1 Rxf3+ 27. Ke1
Qg3+ 28. Kd2 Rf2 29. Re1 Qf4+ 30. Kc2 Bb7 31. Kd1 Rxe2 32. Bxe2 Qe3 33. Bxa6
Qxc3 34. Rc1 Qxd4+ 35. Kc2 Be4+ 36. Rxe4 Qxe4+ 37. Bd3 Qxb4 38. Ra1 Nc6 39. Kc1
Nd4 40. Rb1 Qc3+ 41. Bc2 Qxc2# {White checkmated} 0-1

[Event "Team 45 45 League T48"]
[Site "Internet Chess Club"]
[Date "2011.03.20"]
[Round "6"]
[White "bhandelman"]
[Black "tcianciola"]
[Result "0-1"]
[WhiteElo "1116"]
[BlackElo "1199"]
[Opening "Sicilian defense"]
[ECO "B20"]
[Time "09:00:21"]
[TimeControl "2700+45"]

1. e4 c5 2. Bc4 Nc6 3. Nf3 Nf6 4. d3 d6 5. O-O Bg4 6. Bg5 Nd4 7. Nbd2 h6 8. Bh4
e6 9. c3 Nxf3+ 10. Nxf3 Be7 11. Qa4+ Nd7 12. Bxe7 Qxe7 13. Qd1 O-O 14. d4 Qf6
15. Be2 Qg6 16. e5 d5 17. Bd3 Bf5 18. Nh4 Qg5 19. Nxf5 exf5 20. Qf3 g6 21. Qxd5
Rfd8 22. Qxb7 cxd4 23. cxd4 Nf8 24. Bc4 Ne6 25. Rfd1 Rdb8 26. Qc6 Rc8 27. Qa4
Rc7 28. d5 Nf4 29. d6 Qxg2# {White checkmated} 0-1

[Event "Team 45 45 League T48"]
[Site "Internet Chess Club"]
[Date "2011.03.19"]
[Round "6"]
[White "Just-Jim"]
[Black "browndeer"]
[Result "1-0"]
[WhiteElo "1338"]
[BlackElo "1067"]
[Opening "Scotch game"]
[ECO "C45"]
[Time "12:30:36"]
[TimeControl "2700+45"]

1. e4 e5 2. Nf3 Nc6 3. d4 exd4 4. Nxd4 Nxd4 5. Qxd4 Qe7 6. Bd3 d6 7. O-O Nf6 8.
Bg5 Qe5 9. Bxf6 gxf6 10. Qxe5+ fxe5 11. Nc3 Bd7 12. Nd5 O-O-O 13. a4 Be6 14. f4
Bxd5 15. exd5 f6 16. fxe5 dxe5 17. Rxf6 Bc5+ 18. Kh1 Rxd5 19. Rf5 Bd4 20. Rb1
Rg8 21. g3 Rgd8 22. Rh5 Rh8 23. Be4 Rd6 24. c3 Be3 25. Rxe5 Rh6 26. Bf5+ Kb8 27.
Rxe3 Rf6 28. Rbe1 Rff8 29. Bg4 a6 30. Re4 Rd8 31. b4 {Black resigns} 1-0

[Event "Team 45 45 League T48"]
[Site "Internet Chess Club"]
[Date "2011.03.20"]
[Round "6"]
[White "kingsleywang"]
[Black "CoasterBrake"]
[Result "1-0"]
[WhiteElo "1355"]
[BlackElo "1141"]
[Opening "Caro-Kann: advance variation"]
[ECO "B12"]
[Time "13:34:21"]
[TimeControl "2700+45"]

1. e4 c6 2. d4 d5 3. e5 Bf5 4. Nf3 e6 5. Be2 c5 6. c3 cxd4 7. cxd4 Nc6 8. Be3
Be7 9. O-O Qb6 10. Qd2 Nb4 11. Nc3 Nc2 12. Rac1 Nxe3 13. fxe3 a6 14. Nh4 Bxh4
15. Na4 Qd8 16. Rc3 Be7 17. a3 Nh6 18. Rfc1 O-O 19. Rc7 Rc8 20. Rxc8 {Black
resigns} 1-0

[Event "Team 45 45 League T48"]
[Site "Internet Chess Club"]
[Date "2011.03.20"]
[Round "6"]
[White "theartist"]
[Black "almond123"]
[Result "1-0"]
[WhiteElo "1175"]
[BlackElo "1046"]
[Opening "Grünfeld: modern exchange variation"]
[ECO "D85"]
[Time "12:31:53"]
[TimeControl "2700+45"]

1. d4 Nf6 2. c4 g6 3. Nc3 d5 4. cxd5 Nxd5 5. e4 Nxc3 6. bxc3 Bg7 7. Nf3 c5 8.
Be2 Nc6 9. d5 Ne5 10. Nxe5 Bxe5 11. Qd2 O-O 12. f4 Bg7 13. O-O Qb6 14. Bc4 Rd8
15. Bb2 Bd7 16. Rab1 Bb5 17. Ba1 a6 18. a4 e6 19. axb5 axb5 20. Rxb5 Qd6 21.
Rxb7 Bh6 22. g3 e5 23. Qf2 exf4 24. gxf4 {Black resigns} 1-0

[Event "Team 45 45 League T48"]
[Site "Internet Chess Club"]
[Date "2011.03.19"]
[Round "6"]
[White "XGG123"]
[Black "WzeroMN"]
[Result "0-1"]
[WhiteElo "885"]
[BlackElo "1092"]
[Opening "Ruy Lopez: Caro variation"]
[ECO "C70"]
[Time "16:00:33"]
[TimeControl "2700+45"]

1. e4 e5 2. Nf3 Nc6 3. Bb5 a6 4. Ba4 b5 5. Bb3 Nf6 6. O-O Bc5 7. Nc3 O-O 8. d3
d6 9. Bg5 Nd4 10. Nxd4 Bxd4 11. Ne2 Bxb2 12. Rb1 Ba3 13. Nc3 Be6 14. Qf3 Bxb3
15. cxb3 Bc5 16. Qg3 c6 17. Bh6 Nh5 18. Qg4 Qf6 19. Qxh5 Qxh6 20. Qg4 Qg6 21.
Qh3 Rae8 22. Qd7 Rc8 23. Qb7 a5 24. a4 b4 25. Ne2 f6 26. Qa6 Qf7 27. Qxa5 Ra8
28. Qxa8 Rxa8 29. Ng3 d5 30. exd5 cxd5 31. Rbc1 Bd6 32. Rc6 Qf8 33. Rxd6 Qxd6
34. Nf5 Qe6 35. Ng3 Rc8 36. Re1 Rc3 37. Re3 Rxb3 38. a5 Ra3 39. d4 Rxe3 40. fxe3
exd4 41. exd4 Qa6 42. Nf5 Qxa5 43. Ne7+ Kf8 44. Nc6 Qb5 45. Na7 Qc4 46. g3 Qxd4+
47. Kg2 Qxa7 48. h3 Qe3 49. g4 b3 50. h4 b2 51. g5 fxg5 52. hxg5 b1=Q 53. Kh2
Qb2+ 54. Kh1 Qe1# {White checkmated} 0-1

[Event "Team 45 45 League T48"]
[Site "Internet Chess Club"]
[Date "2011.03.21"]
[Round "6"]
[White "misuc56"]
[Black "Razorbackchess"]
[Result "1-0"]
[WhiteElo "1850"]
[BlackElo "1791"]
[Opening "King's Indian defense, 3.Nc3"]
[ECO "E61"]
[Time "19:14:37"]
[TimeControl "2700+45"]

1. d4 Nf6 2. c4 g6 3. Nc3 Bg7 4. Nf3 O-O 5. e3 d6 6. h3 Nbd7 7. Be2 e5 8. O-O c6
9. a3 a5 10. Bd2 e4 11. Nh2 d5 12. c5 Ne8 13. b4 axb4 14. axb4 Rxa1 15. Qxa1 f5
16. b5 Nef6 17. bxc6 bxc6 18. Qa4 Bb7 19. Rb1 Qc7 20. Qa7 Rb8 21. Nf1 Ne8 22. f3
Ba8 23. Qxc7 Nxc7 24. Rxb8+ Nxb8 25. fxe4 fxe4 26. Na4 Bb7 27. Nb6 Kf7 28. Be1
Bf6 29. Bg3 Nba6 30. Bxa6 Nxa6 31. Nd7 Nb4 32. Nxf6 Kxf6 33. Be5+ Ke6 34. Nd2
Nd3 35. Bd6 Ba6 36. Nb3 Bb5 37. Bf8 h5 38. Bh6 Kf5 39. h4 Kg4 40. Bg5 Nb4 41.
Kh2 Na6 42. Na5 Nc7 43. Nb7 Kf5 44. Nd6+ Ke6 45. Kg3 Ba4 46. Kf2 Nb5 47. Nc8 Nc7
48. Kg3 Kf7 49. Kf4 Ke6 50. Ne7 Kf7 51. Ke5 Na6 52. Kd6 Nb4 53. g3 Bb5 54. Nc8
Na6 55. Na7 Nb4 56. Kc7 Ba4 57. Kb6 Bd1 58. Nxc6 Nxc6 59. Kxc6 Ke6 60. Kb7 Ba4
61. c6 Kd6 62. Bf4+ {Black resigns} 1-0

[Event "Team 45 45 League T48"]
[Site "Internet Chess Club"]
[Date "2011.03.19"]
[Round "6"]
[White "Tamarin"]
[Black "xt"]
[Result "1/2-1/2"]
[WhiteElo "1737"]
[BlackElo "1571"]
[Opening "QGD: Tarrasch, von Hennig-Schara gambit"]
[ECO "D32"]
[Time "01:00:30"]
[TimeControl "2700+45"]

1. d4 d5 2. c4 e6 3. Nc3 c5 4. cxd5 cxd4 5. Qa4+ Bd7 6. Qxd4 exd5 7. Qxd5 Nc6 8.
Nf3 Nf6 9. Qd1 Bc5 10. e3 Qe7 11. Be2 O-O-O 12. O-O g5 13. b4 Bd6 14. Bb2 g4 15.
Nd4 h5 16. Rc1 Kb8 17. Ndb5 Be5 18. a3 h4 19. Nd4 Nxd4 20. exd4 Bf4 21. Rc2 Qd6
22. Nb5 Bxh2+ 23. Kh1 Bxb5 24. Bxb5 h3 25. g3 Qd5+ 26. f3 Bxg3 27. Bc4 Qd7 28.
d5 Rh6 29. Bxf6 Rxf6 30. fxg4 Rxf1+ 31. Bxf1 Qe7 32. Bxh3 Qh4 33. Kg2 Rh8 34.
Qh1 Be1 35. Qh2+ Ka8 36. Re2 f6 37. d6 Bc3 38. Qg3 Qxg3+ 39. Kxg3 Be5+ 40. Kg2
Bxd6 41. Re6 Be5 42. Re7 Kb8 43. Rg7 Rd8 44. g5 Rd2+ 45. Kf1 Rd3 46. Bg2 Rxa3
47. Rxb7+ Kc8 48. Rg7 fxg5 49. Rxg5 Bc3 50. b5 Ra5 51. Rc5+ Kd7 52. Bc6+ Kc7 53.
Rxc3 Kb6 54. Ke2 a6 55. bxa6 Rxa6 56. Be4 Ra5 57. Rc6+ Kb5 {Game drawn by mutual
agreement} 1/2-1/2

[Event "Team 45 45 League T48"]
[Site "Internet Chess Club"]
[Date "2011.03.21"]
[Round "6"]
[White "Chess64655"]
[Black "badmove"]
[Result "0-1"]
[WhiteElo "1635"]
[BlackElo "1740"]
[Opening "Ruy Lopez: closed"]
[ECO "C90"]
[Time "05:01:13"]
[TimeControl "2700+45"]

1. e4 e5 2. Nf3 Nc6 3. Bb5 a6 4. Ba4 Nf6 5. O-O Be7 6. Re1 b5 7. Bb3 d6 8. h3
Na5 9. c3 Nxb3 10. axb3 O-O 11. d4 exd4 12. Nxd4 Qd7 13. Nf5 Bd8 14. Bf4 Bb7 15.
Qd3 Bxe4 16. Nh6+ gxh6 17. Rxe4 Nxe4 18. Qxe4 Bg5 19. Nd2 Qe6 20. Qf3 Bxf4 21.
Qxf4 f5 22. Nf3 Rf6 23. Re1 Qf7 24. Nd4 Re8 25. Rd1 Re4 26. Qf3 Qe8 27. Nc2 c6
28. Ne3 Qe6 29. b4 Qe5 30. Nc2 Rg6 31. Ne3 f4 32. Ng4 Qe6 33. Kf1 h5 34. Nh2
Qc4+ 35. Kg1 Qe2 36. Rf1 Qxf3 37. Nxf3 c5 38. bxc5 dxc5 39. Rd1 h6 40. Kf1 Rge6
41. Rd5 Ra4 42. Rd1 Ra2 43. b4 Rc2 44. bxc5 Rxc3 45. Kg1 Rxc5 46. Kh2 Kf7 47.
Rd4 Rc4 48. Rd5 Rce4 49. Rxh5 Kg6 50. Rd5 b4 51. Nd2 Re2 52. Nb3 Rxf2 53. Nd4
Rb6 54. Kg1 Rd2 55. Kf1 b3 56. Nxb3 Rxd5 57. Nc1 Rd1+ 58. Ke2 Rxc1 59. Kf3 Kf5
60. g4+ fxg3 61. Kxg3 a5 62. h4 Rc3+ {White resigns} 0-1

[Event "Team 45 45 League T48"]
[Site "Internet Chess Club"]
[Date "2011.03.17"]
[Round "6"]
[White "MateIn42"]
[Black "CKNIGHT3"]
[Result "0-1"]
[WhiteElo "1459"]
[BlackElo "1629"]
[Opening "Sicilian: Scheveningen (Paulsen), classical variation"]
[ECO "B84"]
[Time "19:38:15"]
[TimeControl "2700+45"]

1. e4 c5 2. Nf3 d6 3. d4 cxd4 4. Nxd4 Nf6 5. Nc3 a6 6. Be2 e6 7. Be3 Be7 8. g4
h6 9. Qd2 Qc7 10. O-O-O b5 11. g5 hxg5 12. Bxg5 Nbd7 13. f4 Bb7 14. h4 b4 15.
Na4 Nxe4 16. Qxb4 Nxg5 17. fxg5 Bxh1 18. Rxh1 Bxg5+ 19. Kb1 Rb8 20. Nxe6 fxe6
21. Qg4 Be7 22. Qxg7 Bf6 23. Bh5+ Kd8 24. Qf7 Qc6 25. Rd1 Qxa4 26. Rxd6 Rxb2+
{White resigns} 0-1

[Event "Team 45 45 League T48"]
[Site "Internet Chess Club"]
[Date "2011.03.18"]
[Round "6"]
[White "gerailen0075"]
[Black "imawesome"]
[Result "1-0"]
[WhiteElo "2001"]
[BlackElo "1782"]
[Opening "Sicilian: Hungarian variation"]
[ECO "B27"]
[Time "20:32:54"]
[TimeControl "2700+45"]

1. e4 c5 2. Nf3 g6 3. d4 cxd4 4. Qxd4 Nf6 5. e5 Nc6 6. Qa4 Nd5 7. Qe4 Nb6 8. c4
d6 9. exd6 Qxd6 10. Bf4 Qe6 11. Nc3 Qxe4+ 12. Nxe4 Bg7 13. O-O-O Be6 14. b3 Nd7
15. Nfg5 Bf5 16. Ng3 e6 17. Nxf5 exf5 18. Nxf7 Rf8 19. Nd6+ Ke7 20. Nxb7 Nde5
21. Be2 {Black resigns} 1-0

[Event "Team 45 45 League T48"]
[Site "Internet Chess Club"]
[Date "2011.03.19"]
[Round "6"]
[White "ryan2chess"]
[Black "ILRE"]
[Result "1-0"]
[WhiteElo "1883"]
[BlackElo "1601"]
[Opening "French: Tarrasch, closed variation"]
[ECO "C05"]
[Time "13:00:23"]
[TimeControl "2700+45"]

1. e4 e6 2. d4 d5 3. Nd2 Nf6 4. e5 Nfd7 5. c3 c5 6. Bd3 Nc6 7. Ne2 Nb6 8. O-O
Bd7 9. Nf3 cxd4 10. cxd4 Nb4 11. Bb1 Qc7 12. a3 Nc6 13. Nc3 a6 14. Bc2 h6 15.
Nd2 Nxd4 16. Nb3 Nxc2 17. Qxc2 Qxe5 18. Be3 Nc4 19. Bd4 Qc7 20. Rfe1 Bd6 21.
Nxd5 Qc6 22. Bxg7 Qxd5 23. Bxh8 Bc6 24. f3 Ke7 25. Bc3 Rg8 26. Qe4 Qh5 27. Qxc4
Qxh2+ 28. Kf2 Qxg2+ 29. Ke3 Qxf3+ 30. Kd2 Bf4+ 31. Kc2 Rg2+ 32. Kb1 h5 33. Ka2
h4 34. Rf1 Rf2 35. Rxf2 Qxf2 36. Rf1 h3 37. Rxf2 h2 38. Bf6+ Kf8 39. Rf1 {Black
resigns} 1-0

[Event "Team 45 45 League T48"]
[Site "Internet Chess Club"]
[Date "2011.03.17"]
[Round "6"]
[White "BrandonBee"]
[Black "juniorVishy"]
[Result "0-1"]
[WhiteElo "1552"]
[BlackElo "1652"]
[Opening "Sicilian: Nimzovich-Rossolimo attack (with ...g6, without ...d6)"]
[ECO "B31"]
[Time "16:00:12"]
[TimeControl "2700+45"]

1. e4 c5 2. Nf3 Nc6 3. Bb5 g6 4. O-O Bg7 5. Re1 a6 6. Bxc6 bxc6 7. c3 d5 8. e5
e6 9. d4 cxd4 10. cxd4 Ne7 11. Nbd2 O-O 12. Nb3 a5 13. Bg5 Re8 14. Qd2 Qb6 15.
g4 Bd7 16. h4 Qb4 17. h5 Qxd2 18. Bxd2 gxh5 19. gxh5 a4 20. Nc5 Bc8 21. h6 Bf8
22. Nh4 Ng6 23. Nxg6 hxg6 24. Kg2 Kh7 25. Rh1 Bxc5 26. dxc5 Rb8 27. Bc3 Rb5 28.
Bd4 Rb4 29. Rad1 Ba6 30. Rh3 Be2 31. Rd2 Bh5 32. Be3 Reb8 33. Bd4 Kxh6 34. f4
Rc4 35. b3 axb3 36. axb3 Rcb4 37. Rdd3 Kh7 38. Kf2 Kg8 39. Ke1 Bg4 40. Rhg3 Bf5
41. Rc3 Rxd4 {White resigns} 0-1